 Dungeon Crawl Stone Soup version 0.29.1-12-g30fa7ad0bf (webtiles) character file.

Game seed: 9058498435837790788

151 hawla the Chiller (level 5, -3/37 (39) HPs)
             Began as a Meteoran Ice Elementalist on Jan 8, 2023.
             Slain by a wight
             ... wielding a +3 dagger
              (8 damage)
             ... on level 4 of the Dungeon.
             The game lasted 00:02:20 (498 turns).

hawla the Chiller (Meteoran Ice Elementalist)        Turns: 498, Time: 00:02:23

HP:   -3/37 (39)    AC:  3    Str:  9    XL:     5   Next: 91%
MP:   4/11          EV: 13    Int: 18    God:
Gold: 68            SH:  0    Dex: 15    Spells: 2/10 levels left

rFire   . . .      SeeInvis .   e - +2 short sword (drain)
rCold   . . .      Faith    .   (no shield)
rNeg    . . .      Spirit   .   a - +0 robe
rPois   .          Reflect  .   (no helmet)
rElec   .          Harm     .   (no cloak)
rCorr   .          Rampage  .   (no gloves)
Will    .....                   f - +0 pair of boots
Stlth   +.........              (no amulet)
HPRegen 0.12/turn               (no ring)
MPRegen 0.12/turn               (no ring)

@: weak-willed, very slightly contaminated, glowing, drained
A: sense surroundings 1, otherworldly, glowing, explore regen
a: no special abilities


You were on level 4 of the Dungeon.
You visited 1 branch of the dungeon, and saw 5 of its levels.

You collected 68 gold pieces.

Inventory:

Hand Weapons
 e - a +2 short sword of draining (weapon)
Armour
 a - a +0 robe (worn)
 f - a +0 pair of boots (worn)
Potions
 b - a potion of magic


   Skills:
 - Level 0.4 Fighting
 - Level 0.2 Short Blades
 - Level 2.7 Dodging
 - Level 1.4 Stealth
 - Level 3.4 Spellcasting
 + Level 3.5 Conjurations
 - Level 5.5 Ice Magic


You had 2 spell levels left.
You knew the following spells:

 Your Spells              Type           Power      Damage    Failure   Level
a - Freeze                Ice            92%        1d10      1%          1
b - Frozen Ramparts       Ice            46%        1d7       4%          3
c - Hailstorm             Conj/Ice       19%        3d6       24%         4

Your spell library contained the following spells:

 Spells                   Type           Power      Damage    Failure   Level
 Ozocubu's Armour         Ice            23%        N/A       4%          3


Dungeon Overview and Level Annotations

Branches:
Dungeon (5/15) Zot: 2500
 Temple: D:4-7

Altars:
The Shining One


Innate Abilities, Weirdness & Mutations

You passively map a small area around you.
You are easily found by Zot.
You glow in the dark.
You regain HP and MP as you explore.


Message History

Casting: Hailstorm (quite dangerous; 24% risk of failure)
Press: ? - help, Dir - look around, f - activate A cannonade of hail descends around you!
The hail pelts the wight.
The wight partially resists.
The wight is moderately damaged.
You barely miss the wight.
The wight is moderately damaged.
The wight closely misses you.
You hit the wight but do no damage.
The wight is moderately damaged.
The wight closely misses you.
You barely miss the wight. You punch the wight, but do no damage.
The wight is moderately damaged.
The wight hits you but does no damage. The wight hits you with a +0 falchion.
Casting: Hailstorm (quite dangerous; 24% risk of failure)
Confirm with . or Enter, or press ? or * to list all spells.
The spell is quite dangerous to miscast (24% risk of failure)!
Continue anyway?
Casting: Hailstorm (quite dangerous; 24% risk of failure)
Press: ? - help, Dir - look around, f - activate You miscast Hailstorm.
You are very lightly contaminated with residual magic.
Nothing appears to happen.
The wight hits you with a +0 falchion.
Unknown command.
As you read the scroll labelled HELAUN EDDIPN, it crumbles to dust.
You assume a fearsome visage.
The wight is unaffected. x3
It was a scroll of fear.
The wight hits you with a +0 long sword!
The wight completely misses you. The wight misses you.
As you read the scroll labelled MIECLE OTRAREKK, it crumbles to dust.
Magic quickly surges around you.
It was a scroll of vulnerability.
The wight hits you with a +0 long sword.
You feel drained. The wight misses you. The wight barely misses you.
As you read the scroll labelled KUXKOGG PU XAE, it crumbles to dust.
The creatures around you are filled with an inner flame!
It was a scroll of immolation.
The wight hits you with a +0 long sword.
You feel drained. The wight hits you with a +0 falchion!
* * * LOW HITPOINT WARNING * * *
The wight hits you with a +3 dagger!
You die...

.# .# #..?#
** , .## ...#
..# .... ,, ,
#.# * #..# *
..# *,*#..#
### #..# * *
# #zz# , #
*#z@# , , ,
#.##..#####.#
,
#............
*
#####.#######
#.# #.# # #.#
* # #.# * #
#.#


You could see 3 wights.

Vanquished Creatures
  A black bear (D:4)
  A hound (D:4)
  An iguana (D:4)
  A worm (D:4)
  An orc (D:5)
  A bat (D:3)
  2 kobolds
8 creatures vanquished.

Notes
Turn   | Place    | Note
-------+----------+-------------------------------------------
     0 | D:1      | hawla the Meteoran Ice Elementalist began the quest for the
                  | Orb.
     0 | D:1      | Reached XP level 1. HP: 14/14 MP: 5/5
    65 | D:3      | Found a glowing golden altar of the Shining One.
   111 | D:5      | Entered Level 5 of the Dungeon
   117 | D:5      | Reached XP level 2. HP: 15/20 MP: 2/6
   119 | D:5      | Noticed a lemure
   228 | D:4      | Noticed a hound
   240 | D:4      | Killed a hound
   241 | D:4      | Reached skill level 5 in Ice Magic
   241 | D:4      | Reached XP level 3. HP: 24/26 MP: 6/8
   245 | D:4      | Learned a level 3 spell: Frozen Ramparts
   350 | D:4      | Reached XP level 4. HP: 24/34 MP: 5/10
   355 | D:4      | Learned a level 4 spell: Hailstorm
   392 | D:4      | Noticed a black bear
   396 | D:4      | Killed a black bear
   397 | D:4      | Reached XP level 5. HP: 39/39 MP: 3/11
   498 | D:4      | Slain by a wight

Illustrated notes

Levels and vault maps discovered:
D:1:      dpeg_arrival_castle, layout_basic, basic_ecumenical_altar,
          serial_co_window_serial, co_window_corner_a, co_window_paths_a,
          co_window_corner_a, co_window_of_opportunity_a, co_window_paths_b,
          co_window_2corner, co_window_corner_b, co_window_broadway_a,
          co_window_paths_e, glass_columns_c, glass_columns_a, glass_columns_a,
          glass_columns_a
D:2:      layout_loops_ring, serial_shops, nicolae_shop_behind_doors, uniq_robin
D:3:      layout_loops_corners, grunt_temple_overflow_holy_war, bloody_trog
D:4:      layout_loops_ring
D:5:      layout_loops_ring, nzn_hepliaklqana_mist_gate, zin_angel,
          gammafunk_temple_overflow_pools, grunt_qazlal_sundering,
          minmay_temple_entry_hall, uniq_pikel, uniq_edmund

Skill      XL: |  1  2  3  4 |
---------------+-------------+-----
Spellcasting   | 3 |  3.4
Ice Magic      | 5 |  5.5
Conjurations   | 3 |  3.5
Fighting       | |  0.4
Short Blades   | |  0.2
Dodging        | |  2.7
Stealth        | |  1.4

Action                   |  1- 3 |  4- 6 || total
-------------------------+-------+-------++-------
Melee: Unarmed           |     1 |       ||     1
       Short sword       |    13 |     3 ||    16
       Punch             |       |     1 ||     1
 Cast: Freeze            |    14 |     1 ||    15
       Frozen Ramparts   |     1 |     1 ||     2
       Hailstorm         |       |     2 ||     2
  Use: Scroll            |       |     3 ||     3
Armor: Robe              |     8 |     1 ||     9
Dodge: Dodged            |    16 |     6 ||    22
